 Dungeon Crawl Stone Soup version 0.28-a0-1152-g9c71ebef14 (webtiles) character file.

Game seed: 17330772512741579410

96 spaghetti the Skirmisher (level 4, -1/39 HPs)
             Began as a Mummy Delver on Dec 14, 2021.
             Slain by an orc (7 damage)
             ... on level 3 of the Dungeon.
             The game lasted 00:01:58 (1505 turns).

spaghetti the Skirmisher (Mummy Delver)             Turns: 1505, Time: 00:01:59

Health: -1/39      AC:  3    Str: 17    XL:     4   Next: 41%
Magic:  4/4        EV: 11    Int:  9    God:
Gold:   77         SH:  0    Dex: 13    Spells: 3/3 levels left

rFire   x . .      SeeInvis .   a - +0 falchion (freeze) {long}
rCold   + . .      Faith    .   (no shield)
rNeg    + + +      Spirit   .   b - +0 leather armour
rPois   ∞          Reflect  .   (no helmet)
rElec   .          Harm     .   (no cloak)
rCorr   .          Rampage  .   (no gloves)
Will    .....                   (no boots)
Stlth   ++........              (no amulet)
HPRegen 0.13/turn               (no ring)
MPRegen 0.09/turn               (no ring)

@: no status effects
A: cold resistance 1, negative energy resistance 3, torment resistance 2, heat
vulnerability 1, no potions
a: no special abilities


You were on level 3 of the Dungeon.
You visited 1 branch of the dungeon, and saw 4 of its levels.

You collected 77 gold pieces.


Innate Abilities, Weirdness & Mutations

You are immune to poison.
Your flesh is cold resistant. (rC+)
You are immune to negative energy. (rN+++)
You are immune to unholy pain and torment.
You are vulnerable to heat. (rF-)
You do not drink.


   Skills:
 + Level 5.3 Fighting
 - Level 1.5 Long Blades
 - Level 1.5 Dodging
 - Level 4.1 Stealth


You had 3 spell levels left.
You didn't know any spells.
Your spell library was empty.

Inventory:

Hand Weapons
 a - a +0 falchion of freezing (weapon) {long}
Missiles
 g - 30 sling bullets
 h - 27 stones (quivered) {throwing}
Armour
 b - a +0 leather armour (worn)
Wands
 f - a wand of digging (3)
Scrolls
 c - a scroll of fog
 d - a scroll of magic mapping {!r}
 j - a scroll of identify {@r1}

Dungeon Overview and Level Annotations

Branches:
Dungeon (6/15)
 Temple: D:4-7

Altars:

Shops:
D:6 (

Annotations:
D:5 exclusion: door !##.########### .......@o...... .##.##########.

You could see an orc.


Message History

A quokka is nearby!
You closely miss the quokka. The quokka bites you. 😕 HP[-4]
You take 4 damage, and now have 35/39 hp.
You miss the quokka. The quokka closely misses you.
The quokka bites you. 😕 HP[-3]
You take 3 damage, and now have 32/39 hp.
You closely miss the quokka.
The quokka bites you but does no damage.
You hit the quokka. You freeze the quokka. The quokka bites you.
The quokka closely misses you. 😮 HP[-3]
You take 3 damage, and now have 29/39 hp.
You hit the quokka. You freeze the quokka.
You kill the quokka!
An adder comes into view.
An adder is nearby! 😕 HP[+1]
The helpless adder fails to defend itself.
You hit the adder.
The adder seems to slow down.
You freeze the adder. The adder bites you. 😮 HP[-2]
You take 2 damage, and now have 28/39 hp.
You miss the adder. The adder barely misses you.
You closely miss the adder. The adder bites you. 😮 HP[-2]
You take 2 damage, and now have 26/39 hp.
You barely miss the adder.
The adder is no longer moving slowly.
The adder closely misses you. The adder bites you but does no damage.
You closely miss the adder. The adder bites you. 😮 HP[-3]
You take 3 damage, and now have 23/39 hp.
You hit the adder. You freeze the adder.
You kill the adder! 😮 HP[+1]
You start resting.
An orc comes into view.
It is wielding a +0 whip and carrying a wand of paralysis (8). 😕 HP[+8]
You regained 8 hp, and now have 32/39 hp.
Unknown command.
An orc is nearby!
An orc priest comes into view. It is wielding a +0 whip. 😕 HP[+1]
You start resting.
An orc is nearby! 😕 HP[+2]
You regained 2 hp, and now have 35/39 hp.
You start resting.
An orc is nearby! 😕 HP[+1]
An orc is nearby!
An orc comes into view. It is wielding a +0 war axe.
The orc shouts! x2; You hear a shout!
An orc comes into view. It is wielding a staff of air.
The orc barely misses you.
You closely miss the orc.
The orc shouts!
The orc zaps a wand.
You resist with some effort.
Unknown command.
You hit the orc but do no damage. You slash the orc! You freeze the orc.
You kill the orc!
You closely miss the orc.
The orc hits you with a +0 war axe! x2 😮 HP[-13]
You take 13 damage, and now have 23/39 hp.
MASSIVE DAMAGE!! (PAUSE) Unknown command.
Unknown command.
Okay, then.
Unknown command.
A jelly comes into view.
The orc priest calls down the wrath of Beogh upon you.
Beogh smites you!
* * * LOW HITPOINT WARNING * * *
The jelly quivers. 😨 HP[-9]
You take 9 damage, and now have 14/39 hp.
MASSIVE DAMAGE!! (PAUSE) Unknown command.
The orc priest mumbles some strange prayers to Beogh against you.
Beogh smites you!
* * * LOW HITPOINT WARNING * * *
😱 HP[-10]
You take 10 damage, and now have 4/39 hp.
MASSIVE DAMAGE!! (PAUSE) Unknown command.
You can't drink.
Okay, then.
Unknown command.
Found a stone staircase leading up. 😱 HP[+1]
There is a stone staircase leading up here.
The orc hits you but does no damage.
You climb upwards.
There is a stone staircase leading down here.
You hit the orc. You freeze the orc. The orc barely misses you. 😱 HP[+1]
You closely miss the orc. The orc hits you with a +0 war axe!
You die...

Skill      XL: |  1  2  3  4 |
---------------+-------------+-----
Fighting       | 4 5 |  5.3
Long Blades    | |  1.5
Dodging        | |  1.5
Stealth        | |  4.1

Action                   |  1- 3 |  4- 6 || total
-------------------------+-------+-------++-------
Melee: Falchion          |    12 |    47 ||    59
  Use: Scroll            |     3 |     1 ||     4
 Stab: Sleeping          |       |     1 ||     1
Armor: Leather armour    |     1 |     9 ||    10
Dodge: Dodged            |     8 |    26 ||    34

Levels and vault maps discovered:
D:3:      layout_basic, nicolae_wu_jian_wuxing_cycle,
          lemuel_coloured_pillars_altar, mainiacjoe_overflow_cross_hatched,
          hellmonk_ecumenical_altar_run_dry, kennysheep_generic_room_8
D:4:      layout_rooms, mainiacjoe_overflow_chevrons, hangedman_glass_teeth,
          kennysheep_generic_room_11, uniq_duvessa, uniq_crazy_yiuf_cottage
D:5:      layout_basic, sigmund_army
D:6:      layout_loops_corners, nicolae_hepliaklqana_hazy_memory,
          mainiacjoe_overflow_swirl, nicolae_ru_path_of_blood,
          gammafunk_ghost_abyssal_escape, nicolae_stop_n_shop_2, uniq_grinder

Notes
Turn   | Place    | Note
-------+----------+-------------------------------------------
     0 | D:5      | spaghetti the Mummy Delver began the quest for the Orb.
     0 | D:5      | Reached XP level 1. HP: 18/18 MP: 1/1
     0 | D:5      | magus.rc [v1.9.6]
    17 | D:6      | Noticed an orc wizard
    17 | D:6      | Noticed an orc wizard
    17 | D:6      | Noticed an orc wizard
    17 | D:6      | Noticed an orc wizard
    17 | D:6      | Noticed an ogre
    17 | D:6      | Found Wecsef's Antique Weapon Shop.
   165 | D:5      | Noticed a scorpion
   171 | D:5      | HP: 2/18 [scorpion (8)]
   176 | D:5      | Killed a scorpion
   177 | D:5      | Reached skill level 4 in Fighting
   177 | D:5      | Reached XP level 2. HP: 3/26 MP: 2/2
   177 | D:5      | Reached XP level 3. HP: 4/31 MP: 3/3
   786 | D:5      | Noticed a scorpion
   794 | D:5      | Reached XP level 4. HP: 38/38 MP: 4/4
   799 | D:5      | Reached skill level 5 in Fighting
   802 | D:5      | HP: 7/39 [scorpion (8)]
  1088 | D:4      | HP: 8/39 [orc (2)]
  1093 | D:4      | HP: 4/39 [orc (5)]
  1492 | D:4      | HP: 4/39 [orc priest/divine providence (10)]
  1505 | D:3      | Slain by an orc

Vanquished Creatures
  2 gnolls (D:5)
  An adder (D:4)
  A dart slug (D:5)
  2 orcs (D:4)
  A giant cockroach (D:4)
  A quokka (D:4)
8 creatures vanquished.

Vanquished Creatures (collateral kills)
  A scorpion (D:5)
1 creature vanquished.

Vanquished Creatures (others)
  3 fungi (D:4)
3 creatures vanquished.

Grand Total: 12 creatures vanquished

Table legend:
 A = Non-vault XP
 B = Vault XP
 C = Vault XP percentage of total XP
 D = Non-vault monster count
 E = Vault monster count
 F = Vault count percentage of total count
                 A         B        C        D         E       F
            +---------+---------+-------+---------+---------+-------
      Total |     138 |       0 |   0.0 |       9 |       0 |   0.0
            +---------+---------+-------+---------+---------+-------
        D:4 |      23 |       0 |   0.0 |       5 |       0 |   0.0
        D:5 |     115 |       0 |   0.0 |       4 |       0 |   0.0
            +---------+---------+-------+---------+---------+-------

Illustrated notes

Table legend:
 A = Kills in this place as a percentage of kills in entire the game.
 B = Kills by you in this place as a percentage of kills by you in the entire game.
 C = Kills by friends in this place as a percentage of kills by friends in the entire game.
 D = Other kills in this place as a percentage of other kills in the entire game.
 E = Experience gained in this place as a percentage of experience gained in the entire game.
 F = Experience gained in this place divided by the number of levels of this place that you have seen.
                   A       B       C       D       E      F
               +-------+-------+-------+-------+-------+----------------------
         Total | 100.0 | 100.0 | 100.0 |   N/A | 100.0 |  34.5
       Dungeon | 100.0 | 100.0 | 100.0 |   N/A | 100.0 |  34.5
               +-------+-------+-------+-------+-------+----------------------

Table legend: (Time is in decaauts)
 A = Elapsed time spent in this place.
 B = Non-inter-level travel time spent in this place.
 C = Inter-level travel time spent in this place.
 D = Time resting spent in this place.
 E = Time spent auto-exploring this place.
 F = Levels seen in this place.
 G = Mean time per level.
                   A        B        C        D        E       F      G
               +--------+--------+--------+--------+--------+-----+--------+
         Total |   1517 |   1510 |      7 |   1179 |    173 |   4 |  379.2 |
       Dungeon |   1517 |   1510 |      7 |   1179 |    173 |   4 |  379.2 |
               +--------+--------+--------+--------+--------+-----+--------+

Top non-repeatable levels by time:
     D:5: 813 daAuts
     D:4: 700 daAuts
     D:3: 1 daAuts
     D:6: 1 daAuts
